 Dungeon Crawl Stone Soup version 0.13-a0-2450-ga447c6a (webtiles) character file.

5383 JogiH the Conjurer (level 10, -12/83 HPs)
             Began as a Djinni Wizard on July 17, 2013.
             Was a High Priest of Sif Muna.
             Killed from afar by a death drake (shapeshifter) (14 damage)
             ... with a foul vapour
             ... on Level 9 of the Dungeon.
             The game lasted 01:02:07 (19951 turns).

JogiH the Conjurer (Djinni Wizard)                 Turns: 19951, Time: 01:02:07

HP -12/83 (57)   AC  5     Str 11      XL: 10   Next: 32%
MP   0/0         EV 13     Int 22      God: Sif Muna [*****.]
Gold 285         SH  0     Dex 11      Spells:  9 memorised,  7 levels left

Res.Fire  : + + +   See Invis. : .   G - +3,+0 elf short sword (venom)
Res.Cold  : x . .   Warding    : .   H - +2 elf robe {MR+}
Life Prot.: + + +   Conserve   : .   (no shield)
Res.Poison: .       Res.Corr.  : .   b - +0 wizard hat
Res.Elec. : .       Clarity    : .   s - +0 cloak
Sust.Abil.: . .     Spirit.Shd : .   (no gloves)
Res.Mut.  : .       Stasis     : .   (boots unavailable)
Res.Rott. : .       Flight     : .   (no amulet)
Saprovore : . . .                    (no ring)
                                     N - ring "Trean" {Hunger rF+ Str+3}

@: mildly poisoned, slowed, very slow, quite resistant to hostile enchantments,
unstealthy
A: no striking features
a: Channel Energy, Forget Spell, Renounce Religion


You were on level 9 of the Dungeon.
You worshipped Sif Muna.
Sif Muna was exalted by your worship.
You were not hungry.

You visited 2 branches of the dungeon, and saw 10 of its levels.

You collected 287 gold pieces.
You spent 22 gold pieces at shops.

Inventory:

Hand weapons
 F - a +4,+1 elven dagger (quivered)
 G - a +3,+0 elven short sword of venom (weapon)
 R - a +0,+0 quarterstaff
 T - a +2,+1 orcish dagger of speed
 U - a cursed -1,+0 orcish dagger
 V - a cursed +1,+2 great sword
 X - a +1,+3 orcish flail
 Z - a cursed +2,+1 flail
Armour
 b - a +0 wizard hat (worn)
 m - a +0 robe of fire resistance
 s - a +0 cloak (worn)
 H - a +2 elven robe of magic resistance (worn)
Magical devices
 x - a wand of random effects (6) {unknown}
 z - a wand of digging (9)
 A - a wand of confusion (12) {unknown}
 C - a wand of magic darts (12) {unknown}
 L - a wand of fire (9) {unknown}
 P - a wand of enslavement (10) {unknown}
 W - a wand of fireball (7) {unknown}
Scrolls
 a - 2 scrolls of noise
 d - 2 scrolls of magic mapping {unknown}
 e - 2 scrolls of remove curse
 f - a scroll of teleportation {unknown}
 i - 5 scrolls of enchant armour {unknown}
 j - 4 scrolls of identify
 k - 2 scrolls of enchant weapon I {unknown}
 n - 3 scrolls of recharging {unknown}
 r - 3 scrolls of amnesia {unknown}
 w - a scroll of random uselessness {unknown}
 B - a scroll of fog {unknown}
 D - 2 scrolls of enchant weapon II {unknown}
 K - a scroll of fear {unknown}
 M - a scroll of curse jewellery {unknown}
 Q - a scroll of curse armour {unknown}
Jewellery
 y - an uncursed ring of hunger
 I - an uncursed ring of positive energy
 J - an uncursed amulet of faith
 N - the ring "Trean" (left hand) {Hunger rF+ Str+3}
   (You found it on level 7 of the Dungeon)

   [ring of hunger]

   It affects your strength (+3).
   It protects you from fire.
Potions
 g - 4 potions of curing
 h - 2 potions of resistance {unknown}
 l - a potion of berserk rage {unknown}
 o - 2 potions of heal wounds
 p - a potion of degeneration {unknown}
 q - a potion of paralysis {unknown}
 t - 2 potions of invisibility {unknown}
 u - a potion of mutation {unknown}
 E - a potion of magic {unknown}
 O - a potion of agility {unknown}
 S - a potion of restore abilities {unknown}
 Y - a potion of poison {unknown}
Books
 c - a book of Minor Magic

   Spells                             Type                      Level
   *Magic Dart                        Conjuration                  1
   *Blink                             Translocation                2
   *Call Imp                          Summoning                    2
   *Repel Missiles                    Charms/Air                   2
   *Slow                              Hexes                        2
   *Conjure Flame                     Conjuration/Fire             3
   *Mephitic Cloud                    Conjuration/Poison/Air       3
 v - a book of Conjurations

   Spells                             Type                      Level
   *Magic Dart                        Conjuration                  1
   *Searing Ray                       Conjuration                  2
   Dazzling Spray                     Conjuration/Hexes            3
   *Iskenderun's Mystic Blast         Conjuration                  4
   Iskenderun's Battlesphere          Conjuration/Charms           4
   Fulminant Prism                    Conjuration/Hexes            5


   Skills:
 * Level 2.4 Fighting
 * Level 3.2 Dodging
 * Level 2.5 Stealth
 + Level 9.8 Spellcasting
 * Level 10.8 Conjurations
 - Level 2.0 Summonings
 - Level 2.0 Translocations
 - Level 2.3 Fire Magic
 - Level 2.2 Air Magic
 - Level 1.0 Poison Magic
 * Level 5.1 Invocations


You had 7 spell levels left.
You knew the following spells:

 Your Spells              Type           Power        Failure   Level  Hunger
a - Magic Dart            Conj           ####         1%          1    None
b - Blink                 Tloc           N/A          6%          2    None
c - Call Imp              Summ           ###.......   6%          2    None
d - Conjure Flame         Conj/Fire      #####...     1%          3    None
e - Mephitic Cloud        Conj/Pois/Air  ####....     2%          3    None
f - Repel Missiles        Chrm/Air       ###.......   8%          2    None
g - Slow                  Hex            ##......     12%         2    None
h - Searing Ray           Conj           ######       1%          2    None
i - Iskenderun's Mystic   Conj           ######..     1%          4    ##.....


Dungeon Overview and Level Annotations

Branches:
Dungeon (9/27)             Temple (1/1) D:4
    Orc: D:6-11        Lair: D:8-13

Altars:
Ashenzari
Fedhas
Makhleb
Nemelex Xobeh
Okawaru
Sif Muna
Trog
Vehumet
Xom
Yredelemnul
Zin
Jiyva

Shops:
D:4: */[+* D:7: [

Annotations
D:2 Sigmund


Message History

Casting: Conjure Flame
Confirm with . or Enter, or press ? or * to list all spells.
Aiming: Conjure Flame
Press: ? - help, Dir - move target cursor The fire roars!
The death drake is engulfed in roaring flames.
The death drake breathes miasma at you. The foul vapour hits you!
You are poisoned.
You feel yourself slow down.
* * * LOW HITPOINT WARNING * * *
You are engulfed in dark miasma.
You are more poisoned.
* * * LOW HITPOINT WARNING * * *
The death drake is engulfed in roaring flames.
The death drake breathes miasma at you. The foul vapour hits you!
You are more poisoned.
You feel as though you will be slow longer.
You die...

..# #.#.#.... ....# #.
#.#.#.... ...# #.#
#.#.#.... .%.# #.#######
#.#.#.... #..###.......
#.#.# ... #..##........
#.#.##### #..##........
#.#...... #..##....§#
###.#......
#..##..§§@######....)#####
#..<...§§§§§§§l.))...#
#..##..§§§######)....#
#..###'#### #.....# #..#
#.#########.....##### #..#
#...........>........ #..#
##.################## ####
###


You could see a death drake shaped shifter.

Vanquished Creatures
  A hill giant (D:9)
  The ghost of Rycklaryybbe the Covert, an experienced SpWz of Ashenzari (D:5)
  A wyvern (D:9)
  Eustachio (D:7)
  A hippogriff (D:7)
  2 phantoms
  2 orc warriors
  5 sky beasts
  An ice beast (D:5)
  2 black bears (D:8)
  A human (D:7)
  A centaur (D:6)
  4 ogres
  Duvessa (D:6)
  Blork the orc (D:6)
  A water moccasin (D:8)
  2 giant frogs
  4 killer bees (D:8)
  2 wights (D:8)
  Dowan (D:6)
  4 crimson imps
  4 hounds
  2 iguanas
  10 orc priests
  6 orc wizards
  3 centaur skeletons
  A quasit (D:8)
  3 worker ants
  4 sheep (D:7)
  6 jellies
  5 adders
  A goliath beetle zombie (D:9)
  6 worms
  A giant eyeball (D:5)
  4 oozes
  32 orcs
  A ball python (D:1)
  13 bats
  4 giant cockroaches
  9 goblins
  5 hobgoblins
  4 jackals (D:6)
  3 quokkas
  3 giant geckos
  7 giant newts
  3 giant spores
  A hobgoblin skeleton (D:4)
  2 hobgoblin zombies
  13 kobolds
  An orc zombie (D:9)
  13 rats
  A rat skeleton (D:7)
  19 ballistomycetes
229 creatures vanquished.

Vanquished Creatures (collateral kills)
  A killer bee (D:8)
  A crimson imp (D:5)
  An iguana (D:4)
  A scorpion (D:4)
  A worker ant (D:4)
  Terence (D:3)
  4 adders
  5 orcs
  3 giant cockroaches
  2 goblins
  2 hobgoblins
  A ball python (D:3)
  A giant gecko (D:3)
  A giant newt (D:1)
  A kobold (D:1)
  A rat (D:5)
  A ballistomycete (D:8)
28 creatures vanquished.

Vanquished Creatures (others)
  A giant frog (D:8)
  An iron imp (D:8)
  A crimson imp (D:4)
  A white imp (D:4)
  2 orcs
  4 goblins
  A hobgoblin (D:1)
  A bat (D:1)
  3 giant spores (D:8)
  A rat (D:1)
  A ballistomycete (D:8)
  A toadstool (D:6)
18 creatures vanquished.

Grand Total: 275 creatures vanquished

Notes
Turn   | Place    | Note
--------------------------------------------------------------
     0 | D:1      | JogiH, the Djinni Wizard, began the quest for the Orb.
     0 | D:1      | Reached XP level 1. HP: 14/14 MP: 0/0
   259 | D:1      | Reached skill level 4 in Spellcasting
   367 | D:1      | Reached XP level 2. EP: 12/23
   436 | D:1      | Learned a level 2 spell: Blink
   439 | D:1      | Learned a level 2 spell: Call Imp
  1741 | D:2      | Noticed Sigmund
  1743 | D:2      | Reached XP level 3. EP: 20/29
  4432 | D:3      | Noticed Terence
  4521 | D:2      | Learned a level 3 spell: Conjure Flame
  4525 | D:2      | Learned a level 3 spell: Mephitic Cloud
  5347 | D:4      | Reached XP level 4. EP: 34/37
  5377 | D:4      | Found a staircase to the Ecumenical Temple.
  5385 | Temple   | Entered the Ecumenical Temple
  5396 | Temple   | Became a worshipper of Sif Muna the Loreminder
  5588 | D:4      | Reached skill level 5 in Spellcasting
  5628 | D:4      | Found Doirch's Antique Armour Shop.
  5631 | D:4      | Found Blyumaga's Magical Wand Boutique.
  5643 | D:4      | Bought an embroidered robe for 22 gold pieces
  5645 | D:4      | Found Lorir's Assorted Antiques.
  5689 | D:4      | Noticed an ogre
  5712 | D:4      | Killed an ogre
  5712 | D:4      | Reached skill level 1 in Fire Magic
  5820 | D:4      | Found Evutaowk's Book Shoppe.
  5888 | D:4      | Found Breimien's Assorted Antiques.
  5945 | D:4      | Reached skill level 1 in Air Magic
  5945 | D:4      | Reached XP level 5. EP: 31/44
  6145 | D:3      | Killed Terence
  7072 | D:3      | Acquired Sif Muna's first power
  7384 | D:4      | Noticed a phantom
  8131 | D:4      | Reached XP level 6. EP: 38/53
  8247 | D:4      | Killed a phantom
  8247 | D:4      | Reached skill level 1 in Poison Magic
  9551 | D:5      | Entered Level 5 of the Dungeon
  9553 | D:5      | Noticed Rycklaryybbe's ghost (experienced SpWz)
  9973 | D:5      | Reached skill level 6 in Spellcasting
  9973 | D:5      | Reached XP level 7. EP: 33/59
 10157 | D:5      | Reached skill level 5 in Conjurations
 10157 | D:5      | Reached skill level 1 in Invocations
 10395 | D:5      | Killed Rycklaryybbe's ghost
 10395 | D:5      | Acquired Sif Muna's second power
 10395 | D:5      | Reached skill level 7 in Spellcasting
 10395 | D:5      | Reached XP level 8. EP: 30/67
 10530 | D:5      | Learned a level 2 spell: Repel Missiles
 10533 | D:5      | Learned a level 2 spell: Slow
 11685 | D:5      | Learned a level 2 spell: Searing Ray
 11690 | D:5      | Learned a level 4 spell: Iskenderun's Mystic Blast
 12584 | D:6      | Noticed Blork the orc
 12622 | D:6      | Killed Blork the orc
 12794 | D:6      | Reached skill level 8 in Spellcasting
 13877 | D:6      | Found a viscous altar of Jiyva.
 14001 | D:6      | Noticed Duvessa
 14001 | D:6      | Noticed Dowan
 14005 | D:6      | Killed Duvessa
 14005 | D:6      | Reached XP level 9. EP: 50/74
 14007 | D:6      | Killed Dowan
 14535 | D:7      | Noticed Eustachio
 14540 | D:7      | Killed Eustachio
 14540 | D:7      | Reached skill level 9 in Conjurations
 14734 | D:7      | Found Qiapham's Armour Boutique.
 14764 | D:7      | Acquired Sif Muna's third power
 15800 | D:7      | Got a faintly glowing amber ring
 15801 | D:7      | Identified the ring "Trean" {Hunger rF+ Str+3} (You found it on level 7 of the Dungeon)
 15891 | D:7      | Reached skill level 1 in Fighting
 16591 | D:8      | Reached skill level 10 in Conjurations
 18188 | D:8      | Found a burning altar of Makhleb.
 18285 | D:8      | Reached XP level 10. EP: 74/83
 19440 | D:9      | Noticed a hill giant
 19465 | D:9      | Killed a hill giant
 19465 | D:9      | Reached skill level 5 in Invocations
 19944 | D:9      | Noticed a guardian serpent
 19947 | D:9      | Noticed a death drake
 19947 | D:9      | a guardian serpent changed into a death drake
 19951 | D:9      | HP: 2/83 [death drake (shapeshifter)] (10)]
 19951 | D:9      | Killed from afar by a death drake (shapeshifter)

Action                   |  1- 3 |  4- 6 |  7- 9 | 10-12 || total
-------------------------+-------+-------+-------+-------++-------
Melee: Unarmed           |    34 |    13 |     9 |       ||    56
       Flail             |       |       |    10 |       ||    10
       Short sword       |       |       |   209 |     3 ||   212
 Cast: Magic Dart        |   103 |   121 |   209 |    21 ||   454
       Call Imp          |    28 |    15 |     3 |       ||    46
       Mephitic Cloud    |     1 |    13 |    23 |     8 ||    45
       Conjure Flame     |     1 |    21 |    58 |    18 ||    98
       Iskenderun's Myst |       |       |    48 |    20 ||    68
Invok: Channel Energy    |       |       |     5 |       ||     5
  Use: Potion            |     2 |       |     1 |       ||     3
       Scroll            |       |       |     5 |       ||     5
 Stab: Distracted        |       |       |     1 |       ||     1
